cohdb
Replays
Latest Replays
All Replays
Popular Replays
Top Player Replays
Match Explorer
How It Works
Community
CoH3 Stats
Reddit
Sign in to upload your games and track your stats! →
Sign in with Steam
Match 28044942
Unlisted
Match 28044942
Overview
Messages
Build Orders
End
Construct Barracks
Selects Armored Battlegroup
Selects Veteran Crews
1⁄4-ton 4x4 Truck
Riflemen Squad
Riflemen Squad
Air Support Center
Grenade Package
Riflemen Squad
Engineer Squad
P-47 Strafing Run
Construct Motor Pool
Ruby
HulkSMASH
Ghost
msw.*****
0
0
Comments
sign in to comment!
No comments posted yet!